Map: Abyssal Reef LE

Players

Crafty - Winner!

  • Race: Protoss Protoss
  • League: Silver
  • Spawn Location: 11:00

Boom

  • Race: Protoss Protoss
  • League: Silver
  • Spawn Location: 5:00

VOD

Have the link to the VOD?

Description

Time

  • Played on: Dec. 31, 2017, 7:08 p.m.
  • Length: 5:53
Show
View Real Time Build Order
Export as new Build Order

Crafty Protoss - Winner!

Build Orders:  

Get SALT Encoding   

  12  0:01  Probe (Chrono Boost)  
  13  0:11  Probe (Chrono Boost)  
  14  0:19  Pylon  
  14  0:21  Probe  
  15  0:37  Probe  
  15  0:40  Gateway  
  16  0:49  Probe  
  17  0:55  Assimilator  
  17  1:01  Probe  
  18  1:20  Probe  
  19  1:27  Cybernetics Core  
  19  1:30  Pylon  
  19  1:32  Probe  
  20  2:02  Pylon  
  20  2:09  Warp Gate (Chrono Boost)  
  20  2:24  Probe, Assimilator  
  21  2:30  Gateway  
  21  2:31  Gateway  
  21  2:33  Gateway  
  21  2:34  Gateway  
  21  2:36  Probe  
  22  4:08  Pylon  
  22  4:17  Stalker x2  
  22  4:18  Stalker x3  
  32  4:41  Stalker x5  
Show
View Real Time Build Order
Export as new Build Order

Boom Protoss 

Build Orders:  

Get SALT Encoding   

  12  0:02  Probe  
  13  0:20  Probe  
  14  0:23  Pylon  
  14  0:33  Probe  
Tags
 
Matchup
PvP
Spawn Locations
Cross Positions
Add a new tag
Caveats
  • Supply blocks, unpowered buildings, or Contaminate may cause inaccurate times.
  • Supply counts are checked every 10 seconds.